 Dungeon Crawl Stone Soup version 0.21.1-1-g345015f (webtiles) character file.

2 Monsterracer the Ducker (level 1, -2/11 HPs)
             Began as a Spriggan Berserker on May 25, 2018.
             Was a Follower of Trog.
             Slain by a phantom (7 damage)
             ... on level 6 of the Dungeon.
             The game lasted 00:02:06 (549 turns).

Monsterracer the Ducker (Spriggan Berserker)         Turns: 549, Time: 00:02:06

Health: -2/11      AC:  2    Str: 13    XL:     1   Next: 25%
Magic:  2/2        EV: 19    Int:  8    God:    Trog [*.....]
Gold:   38         SH:  0    Dex: 15    Spells: 0/0 levels left

rFire    . . .     SeeInvis +   a - +0 short sword
rCold    . . .     Gourm    .   (shield restricted)
rNeg     . . .     Faith    .   b - +0 animal skin
rPois    .         Spirit   .   (helmet restricted)
rElec    .         Reflect  .   (no cloak)
rCorr    .         Harm     .   (gloves unavailable)
MR       .....                  (boots unavailable)
Stlth    ++........             (no amulet)
HPRegen  0.03/turn              (no ring)
MPRegen  0.08/turn              (no ring)

@: very quick
A: very small, unfitting armour, see invisible, herbivore, speed 3, slow
metabolism 2
a: Berserk, Burn Spellbooks, Renounce Religion


You were on level 6 of the Dungeon.
You worshipped Trog.
Trog was aware of your devotion.
You were not hungry.

You visited 1 branch of the dungeon, and saw 6 of its levels.

You collected 38 gold pieces.

Inventory:

Hand Weapons
 a - a +0 short sword (weapon)
Armour
 b - a +0 animal skin (worn)
Scrolls
 e - a scroll of immolation {unknown}
 g - a scroll of identify {unknown}
 h - a scroll of noise {unknown}
Potions
 f - a potion of magic {unknown}
 i - a potion of haste {unknown}
 j - a potion of curing {unknown}
Comestibles
 c - 2 rations


   Skills:
 - Level 2.4 Fighting
 - Level 3.2 Short Blades
 - Level 4.4 Dodging
 + Level 1.2 Stealth


You couldn't memorise any spells.
You didn't know any spells.

Dungeon Overview and Level Annotations

Branches:
Dungeon (6/15)             Temple (0/1) D:6

Altars:


Innate Abilities, Weirdness & Mutations

You are very small and have problems with some larger weapons.
You are too small for most types of armour.
You have supernaturally acute eyesight. (SInv)
You are a herbivore.
You cover ground extremely quickly.
You need consume almost no food.


Message History

The adder misses you.
There is a stone staircase leading down here.
Health restored: 11 The adder bites you.
The kobold throws a stone.
The stone barely misses you.
You climb downwards.
You feel less invigorated.
You feel less confused.
You feel sick.
There is a stone staircase leading up here.
You take 3 damage, and have 8/11 hp.
MASSIVE DAMAGE!!
You feel sick.
You take 1 damage, and have 7/11 hp.
A bullfrog zombie comes into view.
Found 11 gold pieces.
You enter a teleport trap!
The teleport trap disappears.
Your surroundings suddenly seem different.
Found 19 gold pieces and a hunting sling.
Found a stone staircase leading down.
You feel sick.
You take 1 damage, and have 6/11 hp.
Found 5 gold pieces.
There is a stone staircase leading down here.
You start resting.
You feel sick.
You are no longer poisoned.
You take 1 damage, and have 5/11 hp.
You now have 38 gold pieces (gained 6).
An adder comes into view.
The adder hisses angrily.
There is a stone staircase leading down here.
You climb downwards.
There is a stone staircase leading up here.
You start resting.
HP restored.
Health restored: 11
Found 17 stones.
Found 16 stones.
A centaur skeleton comes into view.
Found a stone staircase leading down.
Found a scroll labeled ZEUZOE NAZXOY.
There is a stone staircase leading down here.
You climb downwards.
You hear the sound of rushing water.
There is an entrance to a sewer on this level.
Hurry and find it before the portal rusts away!
Found a ring mail and a scroll labeled KYRYLI DINIM.
Found an escape hatch in the floor.
Found a stone staircase leading down.
There is a stone staircase leading up here.
Unknown command.
e - a scroll labeled KYRYLI DINIM You see here a ring mail.
There is a stone staircase leading down here.
You climb downwards.
A howler monkey comes into view.
The howler monkey howls!
There is a stone staircase leading up here.
Unknown command.
A crimson imp comes into view.
The crimson imp shouts!
The crimson imp blinks!
A bullfrog and a crimson imp come into view.
The crimson imp shouts!
You hear an angry hiss.
The bullfrog moves out of view.
Found a bone flail.
An adder comes into view.
The bullfrog gives a loud, deep croak!
The adder hisses angrily.
A phantom comes into view.
A jackal zombie comes into view.
A hippogriff comes into view.
The hippogriff moves out of view.
Found 9 gold pieces.
A quokka comes into view.
A jelly and a shadow come into view.
The jelly quivers.
You see here 9 gold pieces.
The crimson imp blinks!
Press: ? - help, v - describe, . - travel
Here: a shadow The floor.
An ice beast comes into view.
Found a trident.
You open the door.
Found a yellow potion.
Found a staircase to the Ecumenical Temple.
A quokka zombie comes into view.
There is an open door here.
The quokka zombie completely misses you.
There is a staircase to the Ecumenical Temple here.
You see here a yellow potion.
j - a yellow potion The bullfrog misses you.
You open the door. The bullfrog hits you. x2
* * * LOW HITPOINT WARNING * * *
You take 6 damage, and have 5/11 hp.
MASSIVE DAMAGE!!
There is an open door here.
You see here a trident.
The crimson imp blinks!
You hit the phantom but do no damage.
As you read the scroll labeled NOPTOA WICUIN, it crumbles to dust.
The scroll dissolves into smoke.
It was a scroll of fog.
The phantom hits you!
Ouch! That really hurt!
You die...

#5..#.#..
#§.#...#.
#.Z.J....
#....#...
#...#.#..
#..#...#.
####5.......
#§WJh...#...
#@###..#.#..
#F# .#...#.
#§# .......
#.##########
#.....r..##
#Z######..#
#.#######.#
#.#.....#.#
#)#.....#.#


You could see a phantom, a bullfrog and a jelly.

Vanquished Creatures
  3 bats
3 creatures vanquished.

Notes
Turn   | Place    | Note
-------+----------+-------------------------------------------
     0 | D:1      | Monsterracer the Spriggan Berserker began the quest for the Orb.
     0 | D:1      | Reached XP level 1. HP: 11/11 MP: 2/2
   177 | D:2      | Reached skill level 1 in Stealth
   253 | D:2      | HP: 3/11 [adder (4)]
   276 | D:3      | HP: 5/11 [poisoned by an adder]
   474 | D:5      | Entered Level 5 of the Dungeon
   490 | D:6      | Noticed a howler monkey
   494 | D:6      | Noticed a crimson imp
   496 | D:6      | Noticed a bullfrog
   496 | D:6      | Noticed a crimson imp
   500 | D:6      | Noticed a phantom
   502 | D:6      | Noticed a hippogriff
   506 | D:6      | Noticed a jelly
   506 | D:6      | Noticed a shadow
   513 | D:6      | Noticed an ice beast
   528 | D:6      | Found a staircase to the Ecumenical Temple.
   536 | D:6      | HP: 5/11 [bullfrog (1)]
   549 | D:6      | Slain by a phantom

Skill      XL: |  1 |
---------------+----+-----
Stealth        | 1 |  1.2
Fighting       | |  2.4
Short Blades   | |  3.2
Dodging        | |  4.4

Action                   || total
-------------------------++-------
Melee: Short sword       ||     5
  Use: Scroll            ||     1
       Potion            ||     1
 Stab: Sleeping          ||     1
Armor: Animal skin       ||     5
Dodge: Dodged            ||    22

Vault maps used:
D:1:      lightli_arrival_boilingwater
D:2:      yredelemnul_forgotten_temple_becter, uniq_robin
D:3:      kennysheep_generic_room_10
D:4:      serial_shops, kennysheep_mini, first_ration
D:5:      chequers_temple_overflow_statue_of_worship, cheibrodos_worm_habitat,
          portal_sewer_entry_e, basic_altar
D:6:      cheibrodos_fzero, nicolae_overflow_hidden_temple, old_standard_altar,
          overflow_temple_1_default, temple_green, serial_shops, shop,
          shop_statue, shop, shop, nicolae_shop_behind_doors,
          kennysheep_crisscross, corexii_leaking_fountain
